 Dungeon Crawl Stone Soup version 0.22.0-38-g04b72b8 (webtiles) character file.

16825 FrozenPanda the Basher (level 12, -9/87 HPs)
             Began as a Pale Draconian Monk on Aug 28, 2018.
             Was the Champion of Cheibriados.
             Mangled by a blink frog (16 damage)
             ... on level 2 of the Lair of Beasts.
             The game lasted 00:21:09 (14541 turns).

FrozenPanda the Basher (Pale Draconian Monk)       Turns: 14541, Time: 00:21:10

Health: -9/87      AC: 10    Str: 28    XL:     12   Next: 13%
Magic:  14/14      EV: 16    Int: 30    God:    Cheibriados [******]
Gold:   551        SH: 12    Dex: 30    Spells: 11/11 levels left

rFire    + . .     SeeInvis .   x - +10 mace "Plog" {venom, *Noise rF+ rN+}
rCold    . . .     Gourm    .   b - +0 shield
rNeg     + . .     Faith    .   (armour unavailable)
rPois    +         Spirit   .   (helmet restricted)
rElec    .         Reflect  .   (no cloak)
rCorr    .         Harm     .   o - +1 pair of gloves
MR       +....                  (no boots)
Stlth    ++++......             (no amulet)
HPRegen  0.24/turn              C - ring of poison resistance
MPRegen  0.14/turn              r - +3 ring of slaying

@: short of breath, very slow
A: breathe steam, unfitting armour, horns 1, blink, frail 1, magic resistance 1,
cold-blooded, AC +8
a: Breathe Steam, Blink, Bend Time, Temporal Distortion, Slouch, Step From Time,
Renounce Religion


You were on level 2 of the Lair of Beasts.
You worshipped Cheibriados.
Cheibriados was exalted by your worship.
You were not hungry.

You visited 3 branches of the dungeon, and saw 13 of its levels.

You collected 551 gold pieces.

Inventory:

Hand Weapons
 h - a +2 dagger of venom
 s - the +5 hunting sling of the Turnip {venom, rElec Dex+3}
   (You took it off an orc on level 4 of the Dungeon)

   It poisons the ammo it fires.
   It affects your dexterity (+3).
   It insulates you from electricity.
 x - the +10 mace "Plog" (weapon) {venom, *Noise rF+ rN+}
   (You took it off an orc on level 6 of the Dungeon)

   It poisons the flesh of those it strikes.
   It protects you from fire.
   It protects you from negative energy.
   It may make noises in combat.
Missiles
 c - 5 throwing nets
 d - 334 stones (quivered)
 e - 155 arrows
 g - 178 sling bullets
 i - 47 bolts
 j - 52 poisoned needles
 l - 11 javelins
 w - 15 tomahawks
Armour
 b - a +0 shield (worn)
 o - a +1 pair of gloves (worn)
Jewellery
 k - an uncursed ring of positive energy
 r - a +3 ring of slaying (right hand)
 z - a +4 ring of strength {unknown}
 C - a ring of poison resistance (left hand)
Wands
 n - a wand of iceblast (20)
 q - a wand of digging (9)
 A - a wand of paralysis (2)
 D - a wand of clouds (6)
 H - a wand of enslavement (7)
Scrolls
 m - a scroll of remove curse
 p - 2 scrolls of amnesia
 t - 2 scrolls of identify
 y - a scroll of immolation
 B - a scroll of fog {unknown}
 G - a scroll of enchant weapon
 I - a scroll of magic mapping {unknown}
Potions
 f - a potion of ambrosia
 u - 2 potions of lignification
 v - a potion of curing
 F - a potion of brilliance
 J - a potion of might
 K - 3 potions of flight
Comestibles
 a - 20 rations
 E - 9 chunks of flesh


   Skills:
 + Level 6.9 Fighting
 - Level 3.8 Short Blades
 - Level 14.2 Maces & Flails
 - Level 5.5(5.8) Slings
 + Level 2.4(4.3) Throwing
 + Level 5.6 Dodging
 - Level 4.6 Stealth
 - Level 3.6 Shields
 - Level 3.5 Unarmed Combat
 + Level 3.1 Invocations
 + Level 3.0 Evocations


You had 11 spell levels left.
You didn't know any spells.
Your spell library contained the following spells:

 Spells                   Type           Power        Failure   Level  Hunger
 Animate Skeleton         Necr           N/A          38%         1    ##.....
 Apportation              Tloc           #.....       38%         1    ##.....
 Confusing Touch          Hex            #.....       38%         1    ##.....
 Pain                     Necr           #...         38%         1    ##.....
 Summon Small Mammal      Summ           #...         38%         1    ##.....
 Regeneration             Chrm/Necr      #.........   77%         3    ####...
 Vampiric Draining        Necr           #.........   77%         3    ####...
 Animate Dead             Necr           N/A          99%         4    #####..


Dungeon Overview and Level Annotations

Branches:
Dungeon (10/15)            Temple (1/1) D:4            Lair (2/6) D:10
    Orc (0/2) D:10
  Swamp: Lair:2-4    Shoals: Lair:2-4     Snake: Lair:2-4    Spider: Lair:2-4

Altars:
Ashenzari
Cheibriados
Dithmenos
Elyvilon
Fedhas
Gozag
Hepliaklqana
Kikubaaqudgha
Makhleb
Nemelex Xobeh
Okawaru
Qazlal
Ru
Sif Muna
Trog
Uskayaw
Vehumet
Wu Jian
Xom
Yredelemnul
Zin
The Shining One

Shops:
D:10 :

Annotations:
Lair:1 exclusion: oklob plant


Innate Abilities, Weirdness & Mutations

You can breathe blasts of scalding, opaque steam.
Your pale cyan-grey scales are hard. (AC +8)
You cannot fit into any form of body armour.
You are cold-blooded and may be slowed by cold attacks.
You have a pair of small horns on your head.
You can translocate small distances at will.
You are frail. (-10% HP)
You are resistant to hostile enchantments. (MR+)


Message History

The spiny frog croaks.
You headbutt the blink frog!
The blink frog is heavily wounded.
The blink frog blinks!
Press: ? - help, Shift-Dir - straight line, f - spiny frog
Aim: a spiny frog You exhale a blast of scalding steam.
The ball of steam hits the fungus.
The fungus is lightly damaged.
You feel somewhat more hungry.
The fungus is engulfed in a cloud of scalding steam.
The fungus is engulfed in a cloud of scalding steam.
You see here a blink frog corpse.
The fungus is engulfed in a cloud of scalding steam.
You block the blink frog's attack. The blink frog hits you!!
You block the blink frog's attack.
You feel better.
The blink frog hits you but does no damage.
You fail to use your ability.
You block the blink frog's attack. The blink frog hits you!
You die...

. #...P### ....P#.
.. ##.....P##.......
...#.P....##..#.P##.
.......§F.........
..........>.....
#.†.F.......F..
##..####†P.PP##.
.##..<.##.##.###
........F@††# #.#
............# .#
............... .
..................
...................
............P#..##
...###.########## #.


You could see a blink frog.

Vanquished Creatures
  Harold (Lair:1)
  4 two-headed ogres
  Nergalle (D:10)
  Joseph (D:9)
  2 centaur zombies (D:10)
  4 spiny frogs (Lair:1)
  A komodo dragon (Lair:1)
  A troll (D:9)
  9 blink frogs
  3 hippogriffs
  Sigmund (D:3)
  11 yaks
  A wraith (D:10)
  3 water moccasins
  4 porcupines
  Duvessa (D:5)
  2 black bears
  8 orc warriors
  A sky beast (D:8)
  2 ice beasts (D:5)
  2 phantoms
  A necrophage (D:8)
  4 wolves (Lair:1)
  2 ogres
  4 centaurs
  2 crocodiles
  9 bullfrogs
  3 scorpions
  4 killer bees (D:8)
  7 wights
  Dowan (D:5)
  A howler monkey (D:6)
  4 crimson imps
  A quasit (D:8)
  2 hounds
  A bullfrog skeleton (D:5)
  A gnoll shaman (D:9)
  4 orc priests
  3 jellies
  20 orc wizards
  7 iguanas
  Natasha (thrice) (D:3)
  7 worker ants
  A hound zombie (D:9)
  4 hound skeletons
  A howler monkey zombie (D:9)
  3 worker ant zombies
  7 adders
  15 gnolls
  A howler monkey skeleton (D:9)
  4 shadow imps
  2 oozes
  An adder skeleton (D:8)
  A worm (D:3)
  6 dart slugs
  4 leopard geckos
  48 orcs
  4 ball pythons
  8 giant cockroaches
  5 goblins
  5 hobgoblins
  7 jackals
  A quokka (D:3)
  5 bats
  5 frilled lizards
  A jackal zombie (D:7)
  6 kobolds
  2 quokka skeletons
  7 rats
308 creatures vanquished.

Vanquished Creatures (others)
  A human (D:4)
  2 fungi (D:10)
3 creatures vanquished.

Grand Total: 311 creatures vanquished

Notes
Turn   | Place    | Note
-------+----------+-------------------------------------------
     0 | D:1      | FrozenPanda the Draconian Monk began the quest for the Orb.
     0 | D:1      | Reached XP level 1. HP: 19/19 MP: 1/1
   254 | D:1      | Reached XP level 2. HP: 16/26 MP: 2/2
   623 | D:1      | Found a shattered altar of Ashenzari.
   678 | D:1      | Reached XP level 3. HP: 32/33 MP: 3/3
  1125 | D:1      | Reached XP level 4. HP: 13/40 MP: 4/4
  1587 | D:2      | Found a hazy altar of Hepliaklqana.
  2662 | D:3      | Reached skill level 1 in Short Blades
  3022 | D:3      | Noticed Natasha
  3028 | D:3      | Killed Natasha
  3028 | D:3      | Reached XP level 5. HP: 41/47 MP: 5/5
  3196 | D:3      | Noticed Natasha
  3209 | D:3      | Killed Natasha
  3209 | D:3      | Reached skill level 1 in Shields
  3242 | D:3      | Noticed Sigmund
  3254 | D:3      | Noticed Natasha
  3256 | D:3      | Killed Sigmund
  3256 | D:3      | Reached XP level 6. HP: 7/53 MP: 6/6
  3271 | D:3      | HP: 1/53 [Natasha/magic dart (7)]
  3599 | D:3      | Killed Natasha
  4320 | D:4      | Found a white marble altar of Elyvilon.
  4429 | D:4      | Found an ancient bone altar of Kikubaaqudgha.
  4430 | D:4      | Noticed a human
  4433 | D:4      | Killed a human
  4519 | D:4      | Found a staircase to the Ecumenical Temple.
  4653 | D:5      | Entered Level 5 of the Dungeon
  4880 | D:5      | Reached skill level 5 in Fighting
  4880 | D:5      | Your scales start taking on a pale cyan-grey colour.
  4880 | D:5      | Reached XP level 7. HP: 56/61 MP: 7/7
  5231 | D:5      | Noticed Dowan
  5231 | D:5      | Noticed Duvessa
  5250 | D:5      | Killed Dowan
  5363 | D:5      | Killed Duvessa
  5636 | D:5      | Reached XP level 8. HP: 70/70 MP: 8/8
  5754 | D:5      | Found a blossoming altar of Fedhas.
  6143 | Temple   | Entered the Ecumenical Temple
  6377 | Temple   | Became a worshipper of Cheibriados the Contemplative
  6377 | Temple   | Reached * piety under Cheibriados
  6377 | Temple   | Reached ** piety under Cheibriados
  6416 | D:4      | Got a scorched hunting sling
  6417 | D:4      | Identified the +5 hunting sling of the Turnip {venom, rElec Dex+3} (You took it off an orc on level 4 of the Dungeon)
  6514 | D:6      | Reached skill level 1 in Slings
  6848 | D:6      | Reached skill level 5 in Slings
  7197 | D:6      | Reached *** piety under Cheibriados
  7461 | D:6      | Got a steaming mace {venom}
  7462 | D:6      | Identified the +10 mace "Plog" {venom, *Noise rF+ rN+} (You took it off an orc on level 6 of the Dungeon)
  7939 | D:7      | Reached XP level 9. HP: 75/75 MP: 9/9
  7959 | D:7      | Reached skill level 1 in Maces & Flails
  8199 | D:7      | Reached skill level 2 in Maces & Flails
  8222 | D:7      | Reached skill level 3 in Maces & Flails
  8544 | D:7      | Reached **** piety under Cheibriados
  8613 | D:7      | Found a deep blue altar of Sif Muna.
  8691 | D:7      | Reached skill level 4 in Maces & Flails
  8776 | D:8      | Found a stormy altar of Qazlal.
  9050 | D:8      | Reached skill level 5 in Maces & Flails
  9276 | D:8      | Reached skill level 6 in Maces & Flails
  9355 | D:8      | Noticed a two-headed ogre
  9367 | D:8      | Killed a two-headed ogre
  9367 | D:8      | Reached skill level 8 in Maces & Flails
  9391 | D:8      | Got a dazzling dagger
  9392 | D:8      | Identified the cursed +1 dagger of Circular Logic {freeze, +Inv Str+4} (You found it on level 8 of the Dungeon)
  9448 | D:8      | Reached ***** piety under Cheibriados
  9448 | D:8      | Noticed a two-headed ogre
  9450 | D:8      | Reached XP level 10. HP: 82/82 MP: 10/10
  9458 | D:8      | Killed a two-headed ogre
  9458 | D:8      | Reached skill level 9 in Maces & Flails
  9856 | D:9      | Noticed Joseph
  9858 | D:9      | Reached skill level 10 in Maces & Flails
  9869 | D:9      | Gained mutation: You have a beak for a mouth. [potion of mutation]
  9869 | D:9      | Gained mutation: Your skin changes colour to match your surroundings (Stealth+). [potion of mutation]
 10348 | D:9      | Lost mutation: You have a beak for a mouth. [potion of mutation]
 10348 | D:9      | Lost mutation: Your skin changes colour to match your surroundings (Stealth+). [potion of mutation]
 10348 | D:9      | Gained mutation: You can translocate small distances at will. [potion of mutation]
 10348 | D:9      | Gained mutation: You are frail. (-10% HP) [potion of mutation]
 10348 | D:9      | Gained mutation: You have a pair of small horns on your head. [potion of mutation]
 10348 | D:9      | Gained mutation: You are resistant to hostile enchantments. (MR+) [potion of mutation]
 10374 | D:9      | Killed Joseph
 10811 | D:9      | Found an opulent altar of Gozag.
 10886 | D:9      | Found a hide-covered altar of Uskayaw.
 11064 | D:10     | Entered Level 10 of the Dungeon
 11076 | D:9      | Reached skill level 11 in Maces & Flails
 11348 | D:10     | Reached skill level 12 in Maces & Flails
 11367 | D:10     | Reached XP level 11. HP: 56/80 MP: 11/11
 11609 | D:10     | Found a staircase to the Lair.
 11915 | D:10     | Noticed a two-headed ogre
 11925 | D:10     | Killed a two-headed ogre
 12215 | D:10     | Noticed Nergalle
 12223 | D:10     | Noticed a spectral orc warlord
 12232 | D:10     | Killed Nergalle
 12232 | D:10     | Reached skill level 13 in Maces & Flails
 12476 | D:10     | Found Liump's Book Shoppe.
 12614 | D:10     | Noticed a two-headed ogre
 12619 | D:10     | Killed a two-headed ogre
 12813 | D:10     | Found a staircase to the Orcish Mines.
 13209 | Lair:1   | Entered Level 1 of the Lair of Beasts
 13316 | Lair:1   | Reached skill level 14 in Maces & Flails
 13501 | Lair:1   | Found a deep blue altar of Sif Muna.
 13503 | Lair:1   | Noticed an oklob plant
 13641 | Lair:1   | Noticed Harold
 13656 | Lair:1   | Killed Harold
 13656 | Lair:1   | Reached skill level 1 in Throwing
 13656 | Lair:1   | Reached skill level 5 in Dodging
 13656 | Lair:1   | Reached skill level 1 in Invocations
 13656 | Lair:1   | Reached skill level 1 in Evocations
 14460 | Lair:2   | Reached XP level 12. HP: 56/87 MP: 13/13
 14528 | Lair:2   | Reached ****** piety under Cheibriados
 14539 | Lair:2   | HP: 1/87 [blink frog (18)]
 14541 | Lair:2   | Mangled by a blink frog

Skill      XL: |  1  2  3  4  5  6  7  8  9 10 11 12 |
---------------+-------------------------------------+-----
Stealth        | 2 3 4 |  4.6
Dodging        | 3 4 5 |  5.6
Fighting       | 4 5 6 |  6.9
Short Blades   | 1 2 3 |  3.8
Shields        | 1 2 3 |  3.6
Slings         | 5 |  5.5
Maces & Flails | 8 12 14 | 14.2
Throwing       | 1 2 |  2.4
Invocations    | 2 3 |  3.1
Evocations     | 2 3 |  3.0
Unarmed Combat | |  3.5

Action                   |  1- 3 |  4- 6 |  7- 9 | 10-12 || total
-------------------------+-------+-------+-------+-------++-------
Melee: Unarmed           |    81 |       |       |       ||    81
       Tailslap          |    15 |    22 |    32 |    77 ||   146
       Dagger            |    31 |   157 |    64 |       ||   252
       Punch             |     1 |     1 |       |       ||     2
       Mace              |       |       |    93 |   298 ||   391
       Hunting sling     |       |       |     1 |       ||     1
       Headbutt          |       |       |       |    94 ||    94
       Peck              |       |       |       |     2 ||     2
 Fire: Hunting sling     |       |       |   100 |       ||   100
Invok: Slouch            |       |       |       |     3 ||     3
 Abil: Breathe Steam     |       |       |    12 |     3 ||    15
Evoke: Wand              |       |       |     1 |     4 ||     5
  Use: Scroll            |     2 |     9 |     5 |     1 ||    17
       Potion            |     1 |     2 |     1 |    10 ||    14
 Stab: Sleeping          |     4 |    13 |     7 |     7 ||    31
       Distracted        |       |       |     2 |       ||     2
       Paralysed         |       |       |     1 |     2 ||     3
  Eat: Chunk             |     1 |    10 |     5 |     6 ||    22
       Ration            |       |     1 |     1 |     1 ||     3
Armor: Skin              |    89 |    23 |    43 |    40 ||   195
Dodge: Dodged            |    83 |    67 |   115 |   120 ||   385
Block: Shield            |       |    40 |   118 |   158 ||   316
